 Dungeon Crawl Stone Soup version 0.30.1-11-g7821555f0a (webtiles) character file.

Game seed: 8545962511000491213

109 KittyFluff the Cudgeller (level 4, -2/29 HPs)
             Began as a Gargoyle Berserker on Nov 10, 2023.
             Was a Believer of Trog.
             Slain by an ogre
             ... wielding a +0 giant spiked club
              (31 damage)
             ... on level 4 of the Dungeon.
             The game lasted 00:10:50 (2670 turns).

KittyFluff the Cudgeller (Gargoyle Berserker)       Turns: 2670, Time: 00:10:50

Health: -2/29      AC:  9    Str: 27    XL:     4   Next: 89%
Magic:  4/4        EV: 11    Int:  8    God:    Trog [**....]
Gold:   164        SH:  5    Dex:  9    Spells: 3/3 levels left

rFire   . . .        a - +0 mace
rCold   . . .        (no shield)
rNeg    + . .        k - +0 leather armour
rPois   ∞            (no helmet)
rElec   +            z - +1 cloak of Twilight {Str+5}
rCorr   .            (no gloves)
SInv    .            (no boots)
Will    +....        e - amulet of reflection
Stlth   +            q - ring of willpower
HPRegen 0.24/turn    (no ring)
MPRegen 0.09/turn

%: reflection
@: no status effects
A: sickness immunity, AC +3, negative energy resistance 1, electricity
resistance, torment resistance 1, petrification resistance
a: Renounce Religion, Berserk, Trog's Hand


You were on level 4 of the Dungeon.
You worshipped Trog.
Trog was pleased with you.
You visited 1 branch of the dungeon, and saw 4 of its levels.

You collected 164 gold pieces.

Inventory:

Hand Weapons
 a - a +0 mace (weapon)
 s - a +0 morningstar
Missiles
 t - a boomerang (quivered)
 w - 4 poisoned darts
Armour
 k - a +0 leather armour (worn)
 z - the +1 cloak of Twilight (worn) {Str+5}
   (You found it on level 3 of the Dungeon)

   Str:       It affects your strength (+5).
Jewellery
 e - an amulet of reflection (around neck)
 q - a ring of willpower (left hand)
 x - an amulet of the acrobat
 y - the amulet of Femiocs {Contam Fragile rN+++ Regen+ Slay+4}
   (You found it on level 3 of the Dungeon)

   [amulet of regeneration]

   Slay:      It affects your accuracy & damage with ranged weapons and melee
   (+4).
   rN:        It renders you almost immune to negative energy.
   Contam:    It causes magical contamination when unequipped.
   Regen:     It increases your rate of health regeneration.
   Fragile:   It will be destroyed if unequipped.
Wands
 f - a wand of flame (15)
 l - a wand of iceblast (9)
Scrolls
 b - a scroll of silence {unknown}
 c - 2 scrolls of enchant weapon {unknown}
 d - 3 scrolls of poison {unknown}
 i - 2 scrolls of fog {unknown}
 j - a scroll of fear {unknown}
 m - 2 scrolls of teleportation {unknown}
 n - a scroll of torment {unknown}
 p - a scroll of magic mapping {unknown}
 v - a scroll of immolation
Potions
 g - 2 potions of heal wounds
 h - a potion of lignification {unknown}
 o - a potion of mutation {unknown}
 r - 2 potions of berserk rage {unknown}
 A - a potion of degeneration {unknown}
 B - 2 potions of flight {unknown}
 C - a potion of might {unknown}


   Skills:
 + Level 3.8 Fighting
 * Level 3.9 Maces & Flails
 * Level 3.1 Armour
 + Level 2.0 Dodging
 + Level 1.7 Stealth


You had 3 spell levels left.
You didn't know any spells.
Your spell library was empty.

Dungeon Overview and Level Annotations

Branches:
Dungeon (4/15)
 Temple: D:4-7

Altars:
Qazlal
Uskayaw


Innate Abilities, Weirdness & Mutations

You are immune to sickness and miasma.
Your stone body is resilient. (AC +3)
You are immune to poison.
You resist negative energy. (rN+)
You are resistant to electric shocks. (rElec)
You are resistant to unholy torment.
You are immune to petrification.


Message History

b - a potion of brilliance You drop a potion of brilliance.
B - 2 ruby potions (gained 1)
As you read the scroll of identify, it crumbles to dust.
g - 2 potions of heal wounds
As you read the scroll of identify, it crumbles to dust.
v - a scroll of immolation
As you read the scroll of identify, it crumbles to dust.
u - a scroll of vulnerability You drop a scroll of vulnerability.
Found a stone staircase leading down.
A quokka comes into view.
The quokka bites you but does no damage.
The quokka barely misses you.
You sock the quokka!
You kill the quokka!
Trog accepts your kill.
Found a scroll labelled KIUNAD AKHYU.
b - a scroll labelled KIUNAD AKHYU
Found a hide-covered altar of Uskayaw.
You hear the slow rusting of a very distant drain.
Found a forked wooden wand.
Found a leather armour.
f - a wand of flame (15)
An ogre comes into view. It is wielding a +0 giant spiked club.
The ogre shouts!
You hear a shout! x2
A hobgoblin comes into view.
The hobgoblin shouts!
The hobgoblin moves out of view.
Found 6 poisoned darts.
You hear the slow rusting of a drain nearby.
A dart slug comes into view.
You completely miss the ogre. The ogre closely misses you.
You barely miss the ogre. The ogre closely misses you.
You completely miss the ogre. You hit the ogre.
The ogre is lightly wounded.
The ogre hits you with a +0 giant spiked club!!
Ouch! That really hurt!
You die...

. (..
.....##############
#...wgO@....[.....#
#..#######.#...##.#
#...#....##
#...#.....##
#.###.#....#
#.....#....###
###.###.#....#
#.....#....#
###.###.#..#


You could see an ogre, a dart slug and a hobgoblin.

Vanquished Creatures
  3 adders
  A worm (D:3)
  3 dart slugs
  5 orcs (D:3)
  6 ball pythons
  4 bats
  5 endoplasms
  3 giant cockroaches
  3 goblins
  5 hobgoblins
  4 jackals
  4 quokkas
  5 frilled lizards
  8 kobolds
  5 rats
64 creatures vanquished.

Notes
Turn   | Place    | Note
-------+----------+-------------------------------------------
     0 | D:1      | KittyFluff the Gargoyle Berserker began the quest for the
                  | Orb.
     0 | D:1      | Reached XP level 1. HP: 14/14 MP: 1/1
   232 | D:1      | Reached XP level 2. HP: 15/19 MP: 2/2
   825 | D:1      | Reached skill level 1 in Stealth
   842 | D:1      | Reached XP level 3. HP: 22/23 MP: 3/3
  1096 | D:2      | Reached ** piety under Trog
  1476 | D:2      | Reached XP level 4. HP: 29/29 MP: 4/4
  1751 | D:3      | Noticed a fire elemental
  1752 | D:3      | Found a stormy altar of Qazlal.
  1766 | D:3      | Noticed a water elemental
  1766 | D:3      | Noticed an air elemental
  1766 | D:3      | Noticed an earth elemental
  2125 | D:3      | Identified the amulet of Femiocs {Contam Fragile rN+++
                  | Regen+ Slay+4}
  2195 | D:3      | Identified the +1 cloak of Twilight {Str+5}
  2603 | D:4      | Found a hide-covered altar of Uskayaw.
  2663 | D:4      | Noticed an ogre
  2670 | D:4      | Slain by an ogre

Illustrated notes

Levels and vault maps discovered:
D:1:      roderic_octagonal_star, layout_loops_corners, serial_glass,
          glass_columns_a, glass_columns_a
D:2:      layout_rooms, serial_park_tiny_1, reono_crystal_passage
D:3:      layout_basic, nicolae_qazlal_style_of_elements
D:4:      layout_basic, nicolae_wu_jian_wuxing_cycle,
          mainiacjoe_overflow_alcove_1, mainiacjoe_overflow_alcove_2,
          minmay_temple_entry_arrows, portal_sewer_entry_a,
          hangedman_abyss_or_decor_stabs, minmay_vboxes

Skill      XL: |  1  2  3  4 |
---------------+-------------+-----
Stealth        | 1 |  1.7
Armour         | 3 |  3.1
Dodging        | 2 |  2.0
Fighting       | |  3.8
Maces & Flails | |  3.9

Action                     |  1- 3 |  4- 6 || total
---------------------------+-------+-------++-------
  Melee: Mace              |   154 |    92 ||   246
         Punch             |     2 |     2 ||     4
    Use: Scroll            |       |     4 ||     4
 Armour: Animal skin       |    20 |       ||    20
         Leather armour    |    31 |    28 ||    59
  Dodge: Dodged            |    95 |    47 ||   142
  Block: Other             |    35 |    16 ||    51
         Reflection        |     1 |       ||     1
